 Dungeon Sprint DCSS version 0.32-a0-411-g744942f433 (webtiles) character file.

Game seed: 8812966988800507891

0 shadowstone the Trooper (level 1, 0/18 HPs)
             Began as a Coglin Fighter on Feb 21, 2024.
             Slain by a water moccasin (4 damage)
             ... in the Dungeon (Sprint VI: "Thunderdome").
             The game lasted 00:00:49 (57 turns).

shadowstone the Trooper (Coglin Fighter)              Turns: 57, Time: 00:00:49

Health: 0/18       AC:  6    Str: 16    XL:     1   Next: 20%
Magic:  1/1        EV:  8    Int:  7    God:
Gold:   95         SH:  4    Dex: 13    Spells: 0/0 levels left

rFire   . . .        n - +0 hand cannon {Teicuih}
rCold   . . .        b - +0 buckler
rNeg    . . .        a - +0 scale mail
rPois   .            (no helmet)
rElec   .            (no cloak)
rCorr   .            (no gloves)
SInv    .            (no boots)
Will    .....        (no amulet) Stlth
                     (no ring)
HPRegen 0.23/turn    (no ring)
MPRegen 0.07/turn

%: no teleportation
@: lethally poisoned (0 -> -5), revved
A: off-hand wielding, slow wielding, warmup strikes, legs shutdown
a: no special abilities


You were in the Dungeon.
You visited 1 branch You collected 200 gold pieces.
You spent 105 gold pieces at shops.

Inventory:

Hand Weapons
 n - a +0 hand cannon (weapon) {Teicuih}
Armour
 a - a +0 scale mail (worn)
 b - a +0 buckler (worn)
Wands
 k - a wand of acid (5)
 l - a wand of roots (5)
Scrolls
 i - 4 scrolls of blinking
 m - 3 scrolls of fog
Potions
 c - a potion of might
 d - a potion of curing
 e - 4 potions of heal wounds
 f - 4 potions of haste
 g - 2 potions of magic
 h - a potion of berserk rage
 j - a potion of resistance


   Skills:
 + Level 3.3 Fighting
 + Level 2.8 Armour
 + Level 2.3 Shields
 + Level 1.8 Unarmed Combat


You couldn't memorise any spells.
You didn't know any spells.
Your spell library was empty.

Dungeon Overview and Level Annotations

Branches:
Dungeon (1/1)

Altars:
Kikubaaqudgha
Makhleb
Qazlal
Ru
Sif Muna
Uskayaw
Wu Jian
Yredelemnul
The Shining One
Beogh
Lugonu

Shops:
D **[(!!!!


Innate Abilities, Weirdness & Mutations

You can wield a second weapon in your off-hand.
It takes a long time for you to wield or remove held weapons.
Your first few attacks do less damage.
Attacking and casting redirects power from your legs.


Message History

There is a basalt altar of Yredelemnul here.
You kneel at the altar of Yredelemnul.
An adder comes into view.
The adder hisses angrily.
A water moccasin comes into view.
The water moccasin hisses angrily.
You shoot a bolt. The bolt hits the adder.
The adder is lightly wounded.
The adder bites you but does no damage.
A ball python comes into view.
The water moccasin bites you but does no damage.
The ball python hisses angrily.
The adder barely misses you.
The water moccasin bites you but does no damage.
You shoot a bolt.
The bolt barely misses the water moccasin.
The bolt misses the adder.
The water moccasin bites you but does no damage.
The water moccasin completely misses you.
The ball python bites you. The ball python barely misses you.
The adder bites you. The water moccasin bites you!
You are lethally poisoned!
The water moccasin poisons you!
The ball python completely misses you. x2
You are too injured to fight recklessly!
You are too injured to fight recklessly!
Unknown command.
You are too injured to fight recklessly!
You are too injured to fight recklessly!
You are too injured to fight recklessly!
Unknown command.
You are too injured to fight recklessly!
You are too injured to fight recklessly!
You are too injured to fight recklessly!
You are too injured to fight recklessly!
You shoot a bolt.
The bolt closely misses the water moccasin.
* * * LOW HITPOINT WARNING * * *
You feel very sick. The adder bites you but does no damage.
The water moccasin bites you.
You die...

#⌠...........⌠# #.ß...
.....ß.###### ......
#......._.∩## ...ß.
#.ß........∩###
...###.............##
#...# #..........⌠#
#.<.# #..........⌠#
#...###SS........⌠#
.......###...@.........#
.....ß. #.ßS☼...†..∩###
_......###......___∩##
##.ß.........ß.######
#⌠...........⌠#
###.........###
#_......._# _......._#
_......._#


You could see a water moccasin, an adder and a ball python.

Vanquished Creatures
  A ball python (D)
1 creature vanquished.

Notes
Turn   | Place    | Note
-------+----------+-------------------------------------------
     0 | D        | shadowstone the Coglin Fighter began the quest for the Orb.
     0 | D        | Reached XP level 1. HP: 18/18 MP: 1/1
     1 | D        | Found a roughly hewn altar of Beogh.
     1 | D        | Found a burning altar of Makhleb.
     3 | D        | Found a basalt altar of Yredelemnul.
     3 | D        | Found a shimmering blue altar of Sif Muna.
     5 | D        | Round 1.
    10 | D        | Found a hide-covered altar of Uskayaw.
    10 | D        | Found a stormy altar of Qazlal.
    11 | D        | Found a corrupted altar of Lugonu.
    11 | D        | Found an ancient bone altar of Kikubaaqudgha.
    12 | D        | Found a sacrificial altar of Ru.
    12 | D        | Found an ornate altar of the Wu Jian Council.
    12 | D        | Found Neosiefo's Weapon Rack.
    12 | D        | Found Wygerpham's Premium Goods.
    13 | D        | Found Nuab's Basic Armour.
    13 | D        | Found Weahamm's Miscellaneous Merchandise.
    21 | D        | Bought a +0 hand cannon for 105 gold pieces
    33 | D        | Found Uvenaunu's Do-It-Yourself Clinic.
    35 | D        | Found Sipauc's Bottled Wisdom.
    35 | D        | Found Toiqiut's Distillery.
    41 | D        | Found a glowing golden altar of the Shining One.
    41 | D        | Found Fowk's Distillery.
    49 | D        | Noticed a water moccasin
    57 | D        | Slain by a water moccasin

Illustrated notes

Levels and vault maps discovered:
D:        arena_sprint

Action                     || total
---------------------------++-------
   Fire: Hand cannon       ||     4
 Armour: Scale mail        ||     9
  Dodge: Dodged            ||     5

Table legend: (Time is in decaauts)
 A = Elapsed time spent in this place.
 B = Non-inter-level travel time spent in this place.
 C = Inter-level travel time spent in this place.
 D = Time resting spent in this place.
 E = Time spent auto-exploring this place.
 F = Levels seen in this place.
 G = Mean time per level.
                   A        B        C        D        E       F      G
               +--------+--------+--------+--------+--------+-----+--------+
         Total |     60 |     51 |      9 |      0 |      0 |   1 |   60.0 |
       Dungeon |     60 |     51 |      9 |      0 |      0 |   1 |   60.0 |
               +--------+--------+--------+--------+--------+-----+--------+

Top non-repeatable levels by time:
       D: 60 daAuts
